[Event "31st MPL National U18 Chess-ch 2022"]
[Site "Pollachi"]
[Date "2022.04.22"]
[Round "9.9"]
[White "Dinesh Kumar Jaganathan"]
[Black "Vengatesh Krishnan C"]
[Result "1-0"]
[ECO "A30"]
[WhiteElo "1943"]
[BlackElo "1506"]
[Annotator "TA"]
[PlyCount "59"]
[EventDate "2022.04.18"]
[EventCountry "IND"]
[SourceTitle "playchess.com"]
[Source "ChessBase"]
[SourceQuality "1"]
[TimeControl "5400+30"]

1. Nf3 d5 2. d4 c5 3. g3 Nf6 4. Bg2 Nc6 5. O-O Bf5 6. c4 e6 7. cxd5 Nxd5 8. Ne5 {[%emt 0:01:30] A30: Symmetrical English: Double Fianchetto and Hedgehog.} Nxe5 (8... Nxd4 $2 9. e4 Qc7 10. Nd3 $18 (10. f4 f6 $18)) 9. dxe5 {[%emt 0:00:30] [#] e4 is the strong threat.} Bxb1 10. Rxb1 {[%emt 0:00:30] White is slightly better.} Be7 (10... Qd7 $14) 11. Qb3 $16 Qc7 12. Bxd5 exd5 13. Qxd5 Rd8 14. Qb3 {[%emt 0:01:30] &Bianco is more active.} O-O 15. Bf4 {[%emt 0:00:30] [#]} g5 $146 ({Predecessor:} 15... Qc6 16. Qc2 b5 17. Rbc1 a6 18. Rfd1 Rd5 19. e4 Rxd1+ 20. Rxd1 Rd8 21. Rxd8+ Bxd8 {½-½ (31) Fojtik,T (2106)-Svizensky,L (1929) Brno 2011}) 16. Be3 Qxe5 (16... Qc6 $142) 17. Qxb7 Rb8 18. Qf3 Rxb2 19. Rxb2 Qxb2 20. Qe4 Qf6 (20... Bf6 $16 {is a better defense.}) 21. Rd1 $18 Rb8 22. Rd7 Bf8 23. Rxa7 Kg7 24. Qd5 Be7 25. Kg2 ({Don't blunder} 25. Bxc5 $2 {[#]} Rd8 $1 26. Bd4 (26. Qc4 $2 Rd1+ 27. Kg2 Qc6+ 28. Kh3 Qc8+ 29. Kg2 Qc6+ 30. Kh3 Qxc5 $19) 26... Rxd5 $17) 25... Rb2 26. Qe4 ({Less strong is} 26. Bxc5 Bxc5 27. Qxc5 Rxe2 $16) 26... Bf8 27. Ra8 {[%cal Oa8f8] Black must now prevent Rxf8!} Be7 (27... Rxe2 28. Qf3 Qxf3+ 29. Kxf3 Re1 30. Bxg5 Be7) 28. Re8 {[%emt 0:00:00] White is clearly winning.} Bd6 29. Qa8 {[%emt 0:03:00] Rg8+ would kill now.} h6 30. Rh8 {[%emt 0:00:00] Weighted Error Value: White=0.08 (flawless) /Black=0.40} 1-0

[Event "31st MPL National U18 Chess-ch 2022"]
[Site "Pollachi"]
[Date "2022.04.22"]
[Round "9.10"]
[White "Mahendra Teja Mekala"]
[Black "Gandhi, Aakash"]
[Result "1-0"]
[ECO "D47"]
[WhiteElo "1875"]
[BlackElo "1698"]
[Annotator "NA RC COMBH"]
[PlyCount "75"]
[EventDate "2022.04.18"]
[EventCountry "IND"]
[SourceTitle "playchess.com"]
[Source "ChessBase"]
[SourceQuality "1"]
[TimeControl "5400+30"]

1. d4 d5 2. c4 c6 3. Nf3 Nf6 4. e3 e6 5. Nc3 Nbd7 6. Bd3 dxc4 7. Bxc4 b5 8. Bd3 Bb7 9. O-O b4 10. Na4 Be7 11. e4 O-O 12. Qc2 h6 13. Be3 Re8 14. h3 Rc8 15. Rfd1 Qa5 16. Nd2 Ba6 17. Bxa6 Qxa6 18. Nc5 Bxc5 19. dxc5 Ne5 20. Bd4 Nfd7 21. f4 Ng6 22. Nc4 Nf6 (22... Re7 $142 23. Be3 Nf6) 23. Bxf6 gxf6 24. Nd6 Nxf4 25. Nxc8 ({Don't play} 25. Nxe8 Rxe8 26. Rd6 e5) 25... Rxc8 26. Qf2 e5 27. Rd6 Kg7 28. Kh2 ({Less strong is} 28. Qh4 Qe2 29. Qg3+ Kf8 $18) 28... Qb7 $2 (28... Qe2 29. Qg3+ Kf8) 29. Qh4 Ne6 30. Rad1 Rg8 31. Qg4+ Kh8 32. Qf5 Qe7 33. Rd7 Qxc5 34. Qxf6+ Rg7 35. Qxh6+ Kg8 36. Rd8+ Nf8 37. R1d6 b3 38. Qf6 1-0

[Event "31st MPL National U18 Chess-ch 2022"]
[Site "Pollachi"]
[Date "2022.04.22"]
[Round "10.1"]
[White "Soham Kamotra"]
[Black "John Veny Akkarakaran"]
[Result "1-0"]
[ECO "E06"]
[WhiteElo "2229"]
[BlackElo "1687"]
[Annotator "TA"]
[PlyCount "110"]
[EventDate "2022.04.18"]
[EventCountry "IND"]
[SourceTitle "playchess.com"]
[Source "ChessBase"]
[SourceQuality "1"]
[TimeControl "5400+30"]

1. d4 e6 2. g3 Nf6 3. c4 d5 4. Bg2 Be7 5. Nf3 O-O 6. O-O c6 7. b3 b6 {[%emt 0:02:23] is now debated instead of 7...Nbd7.} 8. Bb2 Bb7 9. Nbd2 {[%emt 0:01:47] E06: Closed Catalan: Early deviations.} Na6 10. Ne5 c5 11. Ndf3 {[%emt 0:02:16] White has an edge.} Rc8 12. Rc1 {[%emt 0:03:21] [#]} dxc4 $146 ({Predecessor:} 12... Rc7 13. cxd5 exd5 14. Qd3 Ne4 15. a3 Qc8 16. h3 Qe6 17. Nd2 cxd4 18. Rxc7 Nxc7 19. Qxd4 Bxa3 {0-1 (31) Rodrigues,N (2028)-El Debs,F (2506) Pocos de Caldas 2016}) 13. Nxc4 b5 14. Nce5 Qb6 15. e3 Rfd8 16. Qe2 h6 (16... Ne4 $11) 17. Rfd1 $14 Be4 18. Bf1 Nc7 19. dxc5 (19. a3 {feels hotter.} a6 20. dxc5 Bxc5 21. Rxd8+ Rxd8 22. b4) 19... Bxc5 20. Rxd8+ Rxd8 21. Bd4 Bxd4 22. Nxd4 a6 23. Ndc6 Re8 24. f3 {[%emt 0:01:45] &Bianco is more active.} (24. Qd2 $16) 24... Bxc6 25. Rxc6 Qa7 26. Qf2 Qb7 27. Qc2 Ncd5 {[%emt 0:00:39] White must now prevent ...Nb4.} 28. Qc5 $36 {[%emt 0:00:12][%mdl 2048] Against Nb4. White is pushing.} Qb8 29. f4 Ne4 {[%emt 0:02:09] Pair of Knights!} 30. Qd4 Ndf6 31. Bd3 Rd8 32. Qb2 Qa7 (32... b4 $11) 33. Qc1 $1 h5 {[%emt 0:05:25] A mistake that costs the game.} (33... Qa8 $14) 34. Rc8 $1 $18 ({Don't play} 34. Rc7 $6 Qb6 $14) 34... Rxc8 35. Qxc8+ Kh7 {[%emt 0:00:01] [#]} 36. Kg2 $1 {[%emt 0:00:14] Strongly threatening Kf3.} b4 $2 (36... Qxe3 $2 {[#]} 37. Nxf7 $1 Ng8 38. Qc2 $18) (36... g6 37. Qf8 Qb7) 37. Kf3 {[%emt 0:00:44] White is clearly winning.} Qe7 38. Qc2 g6 39. Bxe4 Qa7 {[%emt 0:00:06] [#]} 40. Bxg6+ $1 Kg7 41. Be4 Qb6 42. Kf2 Qc5 43. Ke2 Qd6 44. Bf3 a5 45. Qc6 Qd8 46. Qb7 Qe8 47. h3 a4 48. bxa4 {[%emt 0:00:07][%cal Bb3a4,Ba4a5,Ba5a6][%mdl 32] And now a5 would win.} Ng8 {[%emt 0:00:09] [#]} 49. Qxf7+ $1 Qxf7 50. Nxf7 Kxf7 {[%emt 0:00:02] KB-KN} 51. a5 {[%emt 0:00:10] Threatening mate with a6.} Ne7 52. a6 Nc8 53. Bxh5+ Kf6 54. Bf3 Na7 55. Kd3 Ke7 {[%emt 0:00:08] Weighted Error Value: White=0.23 (precise) /Black=0.37} 1-0

[Event "31st MPL National U18 Chess-ch 2022"]
[Site "Pollachi"]
[Date "2022.04.22"]
[Round "10.2"]
[White "Srihari L R"]
[Black "Avinash Ramesh"]
[Result "1-0"]
[ECO "D78"]
[WhiteElo "2400"]
[BlackElo "2402"]
[Annotator "TA"]
[PlyCount "85"]
[EventDate "2022.04.18"]
[EventCountry "IND"]
[SourceTitle "playchess.com"]
[Source "ChessBase"]
[SourceQuality "1"]
[TimeControl "5400+30"]

1. d4 Nf6 2. c4 g6 3. g3 c6 4. Bg2 d5 5. Nf3 Bg7 6. O-O O-O 7. Ne5 Nbd7 {[%emt 0:09:52] 7...Ng4 is a critical line.} 8. Nc3 {[%emt 0:05:14] D78: Fianchetto Grünfeld: 6 0-0 c6.} dxc4 9. Nxc4 Nb6 10. Na5 {[%emt 0:06:04] The position is equal.} Nbd5 {[%emt 0:09:20] And now ...Nxc3 would win.} 11. Nb3 Bf5 12. Re1 Nxc3 13. bxc3 {[#]} Be4 $146 ({Predecessor:} 13... Ne4 14. Bxe4 Bxe4 15. Nc5 Bf5 16. Nxb7 Qc7 17. Nc5 e5 18. e4 Bh3 19. Be3 {½-½ (19) Radulov,I (2304)-Ozveren,A (2000) Albena 2013}) 14. f3 Bf5 15. e4 Bc8 16. Be3 Nd7 17. Rb1 e5 18. dxe5 {&Bianco is more active.} (18. f4 $16) 18... Nxe5 $14 19. Bd4 b6 20. f4 {White stays focused until the end.} Bg4 {[%emt 0:00:30] [#]} 21. Qc2 Nc4 22. Bxg7 Kxg7 23. Qf2 Na3 (23... c5 $16) 24. Rbc1 $18 Be6 25. Nd4 {[%cal Oc3c4] Hoping for c4!} Nb5 26. Nxc6 Qe8 27. Nd4 {f5 is the strong threat.} Rc8 28. f5 Bc4 29. e5 Rc5 30. a4 Nc7 31. Qf4 Qd7 $2 (31... Kh8 {was worth a try.} 32. a5 Nd5) 32. f6+ Kh8 33. Qh6 Rg8 34. Re4 {[%cal Oh6h7] White wants to mate with Qxh7+!} g5 35. Bh3 g4 {[%emt 0:00:30] [#]} (35... Be6 $142) 36. Rxg4 $1 Rxg4 37. e6 fxe6 38. Bxg4 Qf7 {[%emt 0:00:30] Against Qf8+} 39. Re1 e5 {[%emt 0:00:30] [#]} 40. Bh5 $1 {White mates.} Qg8 41. Nf5 Ne6 42. f7 Qd8 43. Bg6 {Weighted Error Value: White=0.14 (very precise) /Black=0.45} 1-0

[Event "31st MPL National U18 Chess-ch 2022"]
[Site "Pollachi"]
[Date "2022.04.22"]
[Round "10.3"]
[White "Krishnan Ritvik"]
[Black "Harshad S"]
[Result "1/2-1/2"]
[ECO "B06"]
[WhiteElo "1761"]
[BlackElo "2328"]
[Annotator "TA"]
[PlyCount "61"]
[EventDate "2022.04.18"]
[EventCountry "IND"]
[SourceTitle "playchess.com"]
[Source "ChessBase"]
[SourceQuality "1"]
[TimeControl "5400+30"]

1. e4 g6 2. d4 Bg7 3. Nf3 a6 4. Bd3 d6 5. c3 Nd7 6. O-O {[%emt 0:00:34] B06: Modern Defence.} c5 7. Re1 e5 8. dxe5 {[%emt 0:04:08] White is slightly better.} dxe5 {[%emt 0:00:48] [#]} (8... Nxe5 $14 9. Nxe5 dxe5) 9. a4 $146 ({Predecessor:} 9. Bc4 Ngf6 10. a4 Qc7 11. a5 O-O 12. Qb3 h6 13. Nh4 b5 14. axb6 Nxb6 15. Bf1 {½-½ (92) Makropoulou,M (2272)-Yildiz Kadioglu,B (2117) Istanbul 2002}) 9... Ne7 10. Na3 O-O 11. Nc4 {[%emt 0:01:09] &Bianco is more active.} h6 (11... Nc6 $16) 12. Qe2 (12. Bc2 $18) 12... Nc6 13. Nd6 ({White should play} 13. a5 $16) 13... Qe7 14. Nxc8 Raxc8 15. Nd2 Nd8 (15... Na5 $14) 16. a5 Ne6 17. g3 Rcd8 18. Nc4 Kh8 19. Ne3 Nf6 20. Bc4 Rd7 21. Nd5 (21. Bb3 $142) 21... Nxd5 22. Bxd5 f5 23. b3 Ng5 24. Bxg5 Qxg5 25. f3 (25. Reb1 $16) 25... h5 26. Kh1 Qe7 (26... Bh6 $14) 27. Kg1 (27. Rg1 $16) 27... Qg5 $11 28. Kh1 (28. Rad1 $11) 28... Qe7 $16 29. Kg1 (29. Rg1 $16) 29... Qg5 $11 30. Kh1 ({Better is} 30. Rad1 $11) 30... Qe7 $16 31. Kg1 {[%emt 0:00:02] Weighted Error Value: White=0.31/Black=0.21 (precise)} (31. Rg1 $16) 1/2-1/2

[Event "31st MPL National U18 Chess-ch 2022"]
[Site "Pollachi"]
[Date "2022.04.22"]
[Round "10.4"]
[White "Bharath Subramaniyam H"]
[Black "Apoorv Kamble"]
[Result "1/2-1/2"]
[ECO "A01"]
[WhiteElo "2508"]
[BlackElo "1679"]
[Annotator "TA"]
[PlyCount "64"]
[EventDate "2022.04.18"]
[EventCountry "IND"]
[SourceTitle "playchess.com"]
[Source "ChessBase"]
[SourceQuality "1"]
[TimeControl "5400+30"]

1. b3 e5 2. Bb2 Nc6 3. c4 Nf6 4. e3 d5 5. cxd5 Nxd5 6. a3 Bd6 7. d3 {[%emt 0:01:03] A01: Nimzowitsch-Larsen Opening.} O-O 8. Nf3 {[%emt 0:00:25] 8.Nd2 is the fancy move.} Qe7 9. Nbd2 {[%emt 0:04:05] The position is equal.} f5 10. Be2 (10. Nc4 $11) 10... e4 $17 11. dxe4 fxe4 12. Bc4 {[%emt 0:00:24] [#]} Be6 $1 13. Nxe4 {[%emt 0:40:34] [#]} Nxe3 {[%emt 0:00:19][%mdl 64] Discovered Attack} 14. fxe3 {[%emt 0:00:46] Black must now prevent Qc2.} Bxc4 {[%emt 0:00:08][%mdl 64] Discovered Attack} 15. bxc4 {[%emt 0:00:38] Strongly threatening Qd5+.} Qxe4 16. Qd5+ Qxd5 17. cxd5 {[%emt 0:00:06] [#]} Na5 {[%emt 0:01:15] [#]} 18. Rc1 $146 ({Predecessor:} 18. Ke2 Rae8 19. Rhd1 Nc4 20. Bd4 Nxa3 21. Kd3 a6 22. Bb2 Nb5 23. e4 Rf4 24. Re1 {½-½ (42) Schoenberger,K (2008)-Drosson,F (1935) GER email 2013}) 18... b5 19. Nd2 (19. Be5 $142) 19... Rae8 20. Ke2 Rf5 21. Bc3 Nb7 22. Bb4 Re7 (22... Bf4 $17 23. e4 Rxd5) 23. Bxd6 Nxd6 24. Rc3 Rxd5 25. Rhc1 Rde5 26. Kf2 Rd5 27. Ke2 Rde5 ({Better is} 27... Rg5 28. g3 Rge5) 28. Kf2 Rd5 (28... R7e6 $17 29. Ke2 Re8) 29. Ke2 $15 Rde5 (29... Rg5 $15 30. g3 Rge5) 30. Kf2 $1 $17 Rd5 ({Black should play} 30... R7e6 31. Ke2 Re7) 31. Ke2 Ne8 (31... Rg5 $5 32. Kf2 Rd5 $17) 32. Nf3 Re6 {[%emt 0:00:30] Weighted Error Value: White=0.09 (flawless) /Black=0.28 (precise)} 1/2-1/2

[Event "31st MPL National U18 Chess-ch 2022"]
[Site "Pollachi"]
[Date "2022.04.22"]
[Round "10.5"]
[White "Dinesh Kumar Jaganathan"]
[Black "Ayush Sharma"]
[Result "1-0"]
[ECO "E19"]
[WhiteElo "1943"]
[BlackElo "2302"]
[Annotator "TA"]
[PlyCount "63"]
[EventDate "2022.04.18"]
[EventCountry "IND"]
[SourceTitle "playchess.com"]
[Source "ChessBase"]
[SourceQuality "1"]
[TimeControl "5400+30"]

1. Nf3 Nf6 2. c4 e6 3. g3 b6 4. Bg2 Bb7 5. O-O Be7 6. d4 O-O 7. Nc3 Ne4 8. Qc2 {[%emt 0:00:07] 8.Bd2 is more advanced technology.} f5 (8... Nxc3 $11 {deserves consideration.} 9. Qxc3 a5) 9. Rd1 {[%emt 0:11:16] E19: Queen's Indian: Old Main Line with 7...Ne4 8 Qc2 Nxc3 8 Qxc3.} (9. Ne5 $14) 9... Bf6 10. Ne5 d5 {[%emt 0:00:40] [#]} 11. f3 $146 ({White should play} 11. cxd5 $16 Nxc3 12. bxc3 (12. Qxc3 Bxd5 13. Bxd5 Qxd5 $14)) ({Predecessor:} 11. Be3 Qe7 12. Qb3 c6 13. Rac1 Bxe5 14. dxe5 Nd7 15. cxd5 exd5 16. Nxd5 cxd5 17. Rc7 Qxe5 18. Rxd7 Rf7 19. Rxb7 {1-0 (19) Kelly,B (2468)-Burnett,R (2442) Budapest 2003}) 11... Nd6 (11... Nxc3 $11 12. Qxc3 c5 13. dxc5 Nd7) 12. cxd5 $16 exd5 13. Qb3 c5 14. dxc5 $1 (14. Nxd5 $6 c4 15. Nxf6+ gxf6 16. Nxc4 Bd5 $14) 14... bxc5 (14... Bxe5 $16 15. cxd6 Bxc3) 15. f4 (15. Rxd5 $18 c4 16. Qxb7 $3 (16. Nxc4 Bxd5 17. Nxd5 Kh8 $16) 16... Nxb7 17. Rxd8 Nxd8 18. f4 (18. Nxc4 Nd7 $14) 18... Bxe5 19. Bxa8 (19. fxe5 Nbc6 $11) 19... Bd4+ 20. e3) 15... c4 16. Qc2 $36 {[%emt 0:06:31][%mdl 2048] White is in control. 0x0.000e62c4cf4ddp-1022s more active pieces. The black rooks are badly placed.} Bxe5 17. fxe5 Ne4 18. Be3 {[%emt 0:01:35] Against Qb6} Qa5 19. Nxe4 fxe4 20. b3 Qa3 $2 {[%emt 0:09:14] A mistake that costs the game.} (20... Nc6 $16 {was worth a try.}) 21. Bxe4 $18 {[%emt 0:02:04][%cal Bg2e4,Be4h7,Bh7f5,Bf5e6,Be6f7][%mdl 32] White is clearly winning.} Na6 (21... dxe4 $2 22. Qxc4+ Kh8 23. Bc5) (21... Qe7 $142 22. Bxd5+ Bxd5) 22. Bxh7+ {[%emt 0:03:20] This bishop pair is nice.} Kh8 23. Qg6 Rae8 24. Qh5 {[%emt 0:01:36] Threatening mate with Bg6+.} Rxe5 25. Bf5+ Kg8 26. Qh7+ Kf7 {[%emt 0:00:06] [#]} 27. Qg6+ (27. Rf1 $142 $1 {Bg4+ would kill now.} Rxe3 (27... Rxf5 28. Rxf5+) 28. Bg4+ Ke7 29. Qxg7+ Kd6 30. Qxf8+ Re7 31. Rf7 Qc5+ 32. Kf1) 27... Kg8 28. Be6+ ({Not} 28. Qh7+ Kf7 29. Bg4 Ke8) 28... Kh8 {[%emt 0:00:01] [#]} (28... Rxe6 $142 29. Qxe6+ Rf7) 29. Rd4 $1 {[%emt 0:03:13] White threatens Rh4+ and mate.} Qe7 30. Rh4+ Qxh4 31. gxh4 Nc7 32. Bf7 {[%emt 0:01:57] Weighted Error Value: White=0.36/Black=0.62} 1-0

[Event "31st MPL National U18 Chess-ch 2022"]
[Site "Pollachi"]
[Date "2022.04.22"]
[Round "10.6"]
[White "Ilamparthi A R"]
[Black "Mahendra Teja Mekala"]
[Result "1-0"]
[ECO "A39"]
[WhiteElo "1969"]
[BlackElo "1875"]
[Annotator "TA"]
[PlyCount "73"]
[EventDate "2022.04.18"]
[EventCountry "IND"]
[SourceTitle "playchess.com"]
[Source "ChessBase"]
[SourceQuality "1"]
[TimeControl "5400+30"]

1. Nf3 Nf6 2. g3 g6 3. c4 c5 4. Nc3 Nc6 5. Bg2 Bg7 6. O-O O-O 7. d4 cxd4 8. Nxd4 Nxd4 9. Qxd4 d6 10. Qd2 Be6 11. Bxb7 Rb8 12. Bd5 {[%emt 0:00:13] A39: Symmetrical English vs ...g6: 4 Bg2 Bg7 5 Nf3 Nf6 6 0-0 0-0 7 d4.} Nxd5 13. cxd5 Bh3 {[%emt 0:02:08] A strong pair of Bishops.} 14. Rd1 {[%emt 0:03:43] [#] The position is equal.} Qb6 $146 (14... Qc7 $15) ({Predecessor:} 14... Qa5 15. Qg5 Bf6 16. Qe3 Bf5 17. Bd2 Qb4 18. b3 Rfc8 19. Rac1 Bd4 20. Qxe7 Bxc3 21. Rxc3 Rxc3 22. Qf6 Rc1 23. Bxc1 {1-0 (23) Polak,T (2540)-Priborsky,I (2331) Czech Republic 2008}) 15. b3 $1 $14 e5 16. Na4 Qd8 (16... Qa6 $1 $14) 17. Ba3 $16 f5 18. Rac1 Qf6 (18... e4 $16) 19. Rc6 $1 $18 Rbd8 {[%emt 0:00:05] [#]} (19... f4 $142) 20. Qb4 (20. Nc5 $142 $1 ) 20... f4 {[%emt 0:06:55] White must now prevent ...fxg3.} 21. Rxd6 Qf5 (21... Rxd6 $142 22. Qxd6 Qf5 23. Qe6+ Qxe6 24. dxe6 Re8) 22. Rxd8 Rxd8 23. Qc3 $2 (23. d6 $18) 23... Qe4 $1 $14 24. Qf3 {[%emt 0:00:00] Prevents Qg2+.} Rxd5 $1 25. Nc3 Qxf3 26. exf3 Ra5 (26... Rxd1+ $14 27. Nxd1 e4) 27. Bb4 Ra6 28. Rd8+ Kf7 29. Ne4 (29. Bc5 $16) 29... h6 {[%emt 0:01:17] [#]} (29... Bf6 $14 30. Rd2 Rc6 31. Nd6+ Ke6) 30. a3 $1 $36 {[%emt 0:00:00][%mdl 2048] White is in control. &Bianco is more active.} Rc6 (30... Be6 $16 31. Rb8 Rb6) 31. Bc5 $18 a6 32. b4 {[%emt 0:00:00] Threatens to win with g4.} Bf5 33. Kf1 Bxe4 (33... h5 $16 {might work better.} 34. a4 Bf6 35. Rf8+ Kg7) 34. fxe4 a5 $2 (34... Bf6 35. Rd5 Ke6) 35. Rd7+ {[%emt 0:00:00] White is clearly winning.} Kf6 36. gxf4 axb4 37. axb4 {[%emt 0:00:00] Weighted Error Value: White=0.36/Black=0.56} 1-0

[Event "31st MPL National U18 Chess-ch 2022"]
[Site "Pollachi"]
[Date "2022.04.22"]
[Round "10.7"]
[White "Vignesh B"]
[Black "Chidvilash Sai Surapaneni"]
[Result "1-0"]
[ECO "B11"]
[WhiteElo "2249"]
[BlackElo "1753"]
[Annotator "TA"]
[PlyCount "81"]
[EventDate "2022.04.18"]
[EventCountry "IND"]
[SourceTitle "playchess.com"]
[Source "ChessBase"]
[SourceQuality "1"]
[TimeControl "5400+30"]

1. e4 c6 2. Nf3 d5 3. Nc3 dxe4 4. Nxe4 Nf6 5. Ng3 h5 6. h3 c5 {[%emt 0:00:17] B11: Caro-Kann: Two Knights Variation.} 7. Bb5+ Bd7 {[%emt 0:00:13] [#]} 8. Qe2 $146 ({Predecessor:} 8. Bxd7+ Qxd7 9. d4 Nc6 10. Be3 cxd4 11. Bxd4 Nxd4 12. Qxd4 Qxd4 13. Nxd4 Rd8 14. O-O-O {0-1 (48) Sykora,O (2099)-Mostbauer,F (2274) Ceske Budejovice 2021}) 8... Nc6 {[%emt 0:02:58] The position is equal.} 9. O-O e6 10. Rd1 Qc7 11. d4 {[%emt 0:13:03] Strongly threatening d5.} cxd4 12. Nxd4 Bc5 13. Bxc6 Bxc6 14. Nxc6 bxc6 (14... Qxc6 $14 15. Bg5 h4) 15. Qf3 $16 Bd6 {[%emt 0:02:46] Inhibits Bf4.} 16. Ne2 (16. b3 $16) 16... Nd7 (16... O-O $11 {remains equal.}) 17. Bf4 Bxf4 18. Nxf4 (18. Qxf4 Qxf4 19. Nxf4 g5 $11) 18... g6 19. Re1 O-O 20. Qg3 $1 Qb8 (20... Nb6 $16 {was necessary.}) 21. Nxh5 $2 (21. Rad1 $18 Nf6 22. Rxe6 $1 Qxb2 23. Rxc6) 21... Qxb2 $14 22. Rab1 (22. Rad1 $14 Nf6 23. Qb3 $1 Qxb3 24. Nxf6+ Kg7 25. cxb3 (25. axb3 Kxf6 26. Re4 Rfd8 $14) 25... Kxf6 26. Rd6) 22... Qh8 ({Better is} 22... Qxc2 $11 23. Rbd1 Qf5) 23. Nf4 $1 Qf6 24. Rbd1 Nb6 25. Rd6 Rfe8 26. h4 Nd5 27. Nd3 Qc3 ({Black should play} 27... Ne7 $14) 28. h5 $1 $18 Ne7 {[%emt 0:00:05] And now ...Nf5 would win.} 29. hxg6 (29. Qg5 $1 $16 {Threatens to win with Rd7.} c5 30. Rd1 (30. Qxc5 Qxc5 31. Nxc5 Rec8 $11) 30... Qxc2 31. Rc1) 29... Nxg6 $14 30. Qf3 (30. f4 $5 Qg7 31. Qg5 $14 (31. Rxc6 Rac8 $14)) 30... c5 $2 {[%emt 0:00:17] A mistake that costs the game.} (30... Rac8 $1 $11 {and Black is okay.}) 31. Rd7 $18 Nh8 (31... Qg7 32. Nxc5 Nh4) 32. Re4 $2 $40 {[%emt 0:00:18][%mdl 128] White has strong attack.} (32. Re5 {White threatens Qf6 and mate.} Rf8 33. Qf6) 32... c4 $2 (32... Rad8 $18 33. Rc7 (33. Rxa7 Rd4 $18) 33... Qa1+ 34. Re1 Qxa2 35. Rxc5 (35. Ne5 Qa5 $18) 35... Ng6) 33. Rg4+ Kf8 {[%emt 0:00:02] [#]} 34. Rf4 Qa1+ 35. Kh2 Qg7 36. Nc5 {[%emt 0:00:49] Active counter play!} Rac8 37. Nb7 {[%emt 0:00:25] Black must now prevent Nd6.} ({Weaker is} 37. Qh5 Rc6 $18) 37... Rb8 38. g3 {[%emt 0:00:38] aiming for Nd6.} e5 39. Rg4 {[%emt 0:00:15] White is clearly winning.} e4 (39... Ng6 $142 40. Nd6 (40. Rxc4 e4 $16) 40... Qh7+ 41. Kg2 Re7) 40. Qa3+ Kg8 41. Rxg7+ {[%emt 0:00:02] Weighted Error Value: White=0.44/Black=0.74} 1-0

[Event "31st MPL National U18 Chess-ch 2022"]
[Site "Pollachi"]
[Date "2022.04.22"]
[Round "10.8"]
[White "Manish Anto Cristiano F"]
[Black "Sathvik Adiga"]
[Result "1-0"]
[ECO "E97"]
[WhiteElo "2236"]
[BlackElo "1562"]
[Annotator "TA"]
[PlyCount "105"]
[EventDate "2022.04.18"]
[EventCountry "IND"]
[SourceTitle "playchess.com"]
[Source "ChessBase"]
[SourceQuality "1"]
[TimeControl "5400+30"]

1. d4 Nf6 2. c4 g6 3. Nc3 Bg7 4. e4 d6 5. Nf3 O-O 6. Be2 e5 7. Be3 Ng4 8. Bg5 f6 9. Bc1 Nc6 {[%emt 0:00:37] 9...exd4 is vanishing.} 10. O-O f5 11. dxe5 $1 {[%emt 0:00:00][%mdl 4] is currently scoring better than 11.Bg5. E97: King's Indian: Classical Main Line (6...e5 7 0-0 Nc6): 8 Be3 and 8 d5 Ne7, not 9 Ne1.} dxe5 12. Qd5+ Kh8 13. Qxd8 {[%emt 0:00:00] [#] White has an edge.} Nxd8 $146 ({Predecessor:} 13... Rxd8 14. Nd5 Rd7 15. Bg5 h6 16. Be3 Nxe3 17. fxe3 Ne7 18. Nxe7 Rxe7 19. Nh4 Kh7 20. exf5 Bxf5 21. Nxf5 gxf5 22. Rxf5 {1-0 (31) Cebalo,M (2485)-Lisjak,Z (2355) Pula 1993}) 14. Nb5 Rf7 15. exf5 Bxf5 16. h3 Nh6 17. g4 Bc8 18. Rd1 Nc6 19. Be3 b6 (19... a6 $16) 20. Ng5 $36 {[%emt 0:00:30][%mdl 2048] White is really pushing.} Re7 21. Nc3 (21. c5 $16) 21... Nd4 $11 22. Bf3 Nxf3+ 23. Nxf3 {[%emt 0:00:00] Black must now prevent Bxh6.} Nf7 24. Ng5 Bb7 25. Nd5 {[%emt 0:00:00] Pair of Knights!} Rd7 {[%emt 0:00:00] [#]} (25... Bxd5 $11 26. cxd5 Nxg5 27. Bxg5 Rf7) 26. Nxb6 $1 $16 {[%emt 0:02:00][%mdl 512] &Bianco is much more active.} Rxd1+ 27. Rxd1 axb6 (27... cxb6 $142 28. Nxf7+ Kg8) 28. Nxf7+ $18 Kg8 {[%emt 0:00:00] This costs Black the game.} 29. Rd7 Rxa2 30. Rxc7 Bf3 (30... Ba8 31. Nh6+ (31. Bxb6 h5 $16) 31... Bxh6 32. Bxh6 Ra1+ 33. Kh2 Be4 34. Rg7+ Kh8) 31. Ng5 e4 (31... Ra1+ $142 32. Kh2 Bh1 33. Rc8+ Bf8) 32. Rc8+ Bf8 33. Nxf3 Ra1+ 34. Kh2 exf3 {[%emt 0:00:00][%mdl 4096] Endgame KRB-KRB} 35. Bh6 Kf7 36. Rxf8+ {[%emt 0:00:00] KRB-KR} Ke7 37. Rxf3 {[%emt 0:00:00] And now Rb3 would win.} Ra2 38. Rb3 Ra6 39. Rb4 {[%emt 0:00:00] Threatens to win with Be3.} Kd7 40. Be3 Kc7 {[%emt 0:00:00] [#]} 41. Rxb6 $1 Ra1 (41... Ra8 42. c5) 42. c5 {[%emt 0:00:00] Bf4+ would kill now.} h5 43. Bf4+ {[%emt 0:00:00] White mates.} Kd7 44. c6+ Ke7 45. c7 Kd7 46. Rb8 Rc1 47. Rd8+ Ke7 48. Bxc1 hxg4 49. c8=Q g3+ 50. fxg3 Kf6 51. Qc6+ Ke5 52. Bf4+ Kf5 53. Rf8# {[%emt 0:00:00] Weighted Error Value: White=0.16 (very precise) /Black=0.80} 1-0